 Dungeon Sprint DCSS version 0.27.1-33-g824d729ab1 (webtiles) character file.

Game seed: 6251572794179400002

2113 Hipnos the Imperceptible (level 9, -4/45 HPs)
             Began as a Spriggan Brigand on Dec 1, 2021.
             Was a Believer of Okawaru.
             Shot with an arrow by a centaur warrior (26 damage)
             ... in the Dungeon (Sprint I: "Red Sonja").
             The game lasted 00:05:51 (1411 turns).

Hipnos the Imperceptible (Spriggan Brigand)         Turns: 1411, Time: 00:05:51

Health: -4/45      AC:  3    Str:  8    XL:     9   Next: 8%
Magic:  3/3        EV: 18    Int: 12    God:    Okawaru [**....]
Gold:   822        SH:  0    Dex: 19    Spells: 8/8 levels left

rFire    . . .     SeeInvis +   p - +1 dagger (antimagic)
rCold    . . .     Faith    .   (shield restricted)
rNeg     . . .     Spirit   .   b - +0 robe
rPois    .         Reflect  .   (helmet restricted)
rElec    .         Harm     .   c - +0 cloak
rCorr    .         Rampage  .   (gloves unavailable)
Will     +....     NoTele   +   (boots unavailable)
Stlth    ++++++++..             (no amulet)
HPRegen  0.15/turn              (no ring)
MPRegen  0.08/turn              (no ring)

@: very quick
A: very small, no large weapons, unfitting armour, see invisible, speed 3
a: Renounce Religion, Heroism


You were in the Dungeon.
You worshipped Okawaru.
Okawaru was pleased with you.
You visited 1 branch You collected 822 gold pieces.

Inventory:

Hand Weapons
 a - a +2 dagger
 p - a +1 antimagic dagger (weapon)
Missiles
 d - 21 poisoned darts
 e - 3 curare-tipped darts (quivered)
Armour
 b - a +0 robe (worn)
 c - a +0 cloak (worn)
Scrolls
 k - a scroll of blinking
 l - a scroll of summoning {unknown}
 n - a scroll of enchant weapon {unknown}
 o - a scroll of identify {unknown}
Potions
 f - 3 potions of curing
 g - 2 potions of heal wounds
 h - a potion of haste
 i - 2 potions of magic
 j - a potion of degeneration {unknown}
 m - a potion of flight {unknown}


   Skills:
 + Level 4.1 Fighting
 * Level 8.7 Short Blades
 * Level 9.2 Throwing
 + Level 3.6 Dodging
 * Level 22.3 Stealth


You had 8 spell levels left.
You didn't know any spells.
Your spell library was empty.

Dungeon Overview and Level Annotations

Branches:
Dungeon (1/1)

Altars:
Cheibriados
Dithmenos
Elyvilon
Fedhas
Gozag
Hepliaklqana
Kikubaaqudgha
Makhleb
Nemelex Xobeh
Okawaru
Qazlal
Ru
Sif Muna
Trog
Uskayaw
Vehumet
Wu Jian
Xom
Yredelemnul
Zin
The Shining One
Jiyva
Lugonu

Shops:
D (![


Innate Abilities, Weirdness & Mutations

You are very small and have problems with some larger weapons.
You are too small for most types of armour.
You have supernaturally acute eyesight. (SInv)
You cover ground extremely quickly. (Speed+++)


Message History

There is an ornate altar of the Wu Jian Council here.
You see here a +0 helmet.
There is an open door here.
There is an open door here.
You see here a +0 helmet.
Okay, then.
There is an open door here.
You see here a +0 helmet.
There is an open door here.
There is an open door here.
There is an open door here.
You see here 19 stones.
You open the door. 2 centaur warriors come into view.
The centaur warrior shouts!
The centaur warrior wields a +0 longbow.
The centaur warrior shoots an arrow.
The arrow barely misses you.
The centaur warrior shouts!
There is an open door here.
You see here 19 stones.
There is an open door here.
Throw: 5 darts (curare)
Press: ? - help, Q - select action, (/) - cycle Shift-Dir - straight line, f - centaur warrior
Aim: a centaur warrior, quivering arrows (purple smoke, 73% to hit)
You throw a curare-tipped dart.
The curare-tipped dart barely misses the centaur warrior.
The centaur warrior wields a +0 longbow.
The centaur warrior shoots an arrow.
The arrow hits you!!
Ouch! That really hurt!
Throw: 4 darts (curare)
Press: ? - help, Q - select action, (/) - cycle Shift-Dir - straight line, f/p - centaur warrior
Aim: a centaur warrior, wielding a +0 longbow and quivering arrows (73% to hit)
You throw a curare-tipped dart.
The curare-tipped dart hits the centaur warrior.
The centaur warrior is poisoned.
The centaur warrior convulses.
The centaur warrior seems to slow down.
The centaur warrior is lightly wounded.
The centaur warrior shoots an arrow.
The arrow hits you!!
Ouch! That really hurt!
You die...

#..#####'#####'#__####)s.'s.#
#..####..#...#.#### #####..+
#..#__####..##[#§≈§§§# ##
#..#_____##'#_.+§§≈.c+
#⌠⌠#_.∩...'..._#§§c§c#
####_..__##_.#'##§###
#_____###'#[#§c..###
############.####'###[##
#∩........'...'.@...'.∩#
###++++####.).##########
###.### #.#'#.# #.....#
#.(...# #######


You could see 2 centaur warriors.

Vanquished Creatures
  Sonja (D)
  A deep troll (D)
  2 kobold demonologists (D)
  Sigmund (D)
  A yak (D)
  A floating eye (D)
  An ogre (D)
  A jelly (D)
  Ijyb (D)
10 creatures vanquished.

Vanquished Creatures (others)
  2 ballistomycete spores (D)
2 creatures vanquished.

Grand Total: 12 creatures vanquished

Notes
Turn   | Place    | Note
-------+----------+-------------------------------------------
     0 | D        | Hipnos the Spriggan Brigand began the quest for the Orb.
     0 | D        | Reached XP level 1. HP: 10/10 MP: 2/2
     1 | D        | Noticed Ijyb
    13 | D        | Killed Ijyb
    14 | D        | Reached skill level 9 in Stealth
    14 | D        | Reached XP level 2. HP: 8/15 MP: 3/3
   190 | D        | Noticed an ogre
   193 | D        | Killed an ogre
   194 | D        | Reached skill level 12 in Stealth
   194 | D        | Reached XP level 3. HP: 19/19 MP: 4/4
   194 | D        | Reached XP level 4. HP: 23/23 MP: 5/5
   204 | D        | Noticed Sigmund
   227 | D        | Killed Sigmund
   228 | D        | Reached skill level 5 in Short Blades
   228 | D        | Reached skill level 15 in Stealth
   228 | D        | Reached XP level 5. HP: 22/28 MP: 6/6
   228 | D        | Reached XP level 6. HP: 25/32 MP: 7/7
   240 | D        | Found an ornate altar of the Wu Jian Council.
   240 | D        | Found a shimmering blue altar of Sif Muna.
   242 | D        | Found a radiant altar of Vehumet.
   247 | D        | Reached skill level 16 in Stealth
   277 | D        | Found Raj Kaqytuuth's Distillery.
   277 | D        | Found an ancient bone altar of Kikubaaqudgha.
   277 | D        | Found a hazy altar of Hepliaklqana.
   277 | D        | Found a stormy altar of Qazlal.
   277 | D        | Found a hide-covered altar of Uskayaw.
   277 | D        | Found a blossoming altar of Fedhas.
   277 | D        | Found a bloodstained altar of Trog.
   277 | D        | Found an iron altar of Okawaru.
   277 | D        | Found a basalt altar of Yredelemnul.
   277 | D        | Found a glowing golden altar of the Shining One.
   277 | D        | Found a snail-covered altar of Cheibriados.
   277 | D        | Found a sacrificial altar of Ru.
   277 | D        | Found a glowing silver altar of Zin.
   277 | D        | Found a shadowy altar of Dithmenos.
   277 | D        | Found a white marble altar of Elyvilon.
   277 | D        | Noticed a yak
   278 | D        | Found an opulent altar of Gozag.
   279 | D        | Killed a yak
   280 | D        | Reached skill level 5 in Throwing
   280 | D        | Reached skill level 17 in Stealth
   280 | D        | Found a sparkling altar of Nemelex Xobeh.
   285 | D        | Became a worshipper of Warmaster Okawaru
   298 | D        | Found a burning altar of Makhleb.
   298 | D        | Found a viscous altar of Jiyva.
   298 | D        | Found a shimmering altar of Xom.
   298 | D        | Found a corrupted altar of Lugonu.
   298 | D        | Noticed a slime creature
  1080 | D        | Noticed Sonja
  1084 | D        | Killed Sonja
  1084 | D        | Reached * piety under Okawaru
  1085 | D        | Reached skill level 20 in Stealth
  1085 | D        | Reached XP level 7. HP: 36/36 MP: 8/8
  1085 | D        | Reached XP level 8. HP: 40/40 MP: 9/9
  1101 | D        | Found Axtesum's Weapon Boutique.
  1121 | D        | Noticed a deep troll
  1125 | D        | Killed a deep troll
  1126 | D        | Reached skill level 21 in Stealth
  1135 | D        | Found Baseis's Armour Emporium.
  1322 | D        | Noticed a kobold demonologist
  1323 | D        | Noticed a kobold demonologist
  1325 | D        | Reached ** piety under Okawaru
  1327 | D        | Killed a kobold demonologist
  1328 | D        | Killed a kobold demonologist
  1329 | D        | Reached skill level 22 in Stealth
  1329 | D        | Reached XP level 9. HP: 45/45 MP: 10/10
  1335 | D        | Noticed a demonic crawler
  1335 | D        | Noticed a demonic crawler
  1335 | D        | Noticed a demonic crawler
  1335 | D        | Noticed a demonic crawler
  1404 | D        | Noticed a centaur warrior
  1404 | D        | Noticed a centaur warrior
  1411 | D        | Shot with an arrow by a centaur warrior

Illustrated notes

Levels and vault maps discovered:
D:        dungeon_sprint_1 [red_sonja_temple_1, red_sonja_temple_small_1]

Skill      XL: |  1  2  3  4  5  6  7  8 |
---------------+-------------------------+-----
Fighting       | 2 3 4 |  4.1
Short Blades   | 3 4 5 7 8 |  8.7
Stealth        | 9 12 15 20 22 | 22.3
Throwing       | 3 4 7 9 |  9.2
Dodging        | 2 3 |  3.6

Action                   |  1- 3 |  4- 6 |  7- 9 || total
-------------------------+-------+-------+-------++-------
Melee: Dagger            |     7 |    30 |    10 ||    47
Throw: Dart              |     2 |    18 |     2 ||    22
  Use: Potion            |     1 |       |       ||     1
 Stab: Sleeping          |     1 |     3 |     4 ||     8
       Distracted        |       |     1 |       ||     1
Armor: Robe              |       |     1 |       ||     1
Dodge: Dodged            |     3 |     9 |     3 ||    15
